Zazza, neutral female human Tourist ------------- ----- ------- |...........| |...| ----- `################-.....| |...........-#####|>.@| #....| |..`..| |...........| #|.sf-######|...| #......| |...........| #|.I.| #....| ###|...^*| ------ |...........| #|{..| ###|...| --------- # ------- |.....#####-...........| #--.-- # |...| |........## |....| ----.--------# ########## ---.- |.......| |.....################### # # #........| |....| # ### # ###---|----- ------ ### # # # ^ ######### # ### -+-----.------- ## # |.............| ----.--### |.......<.....| |.....|# |.....`.......| |.....|# --------------- |......# ------- Zazza the Rambler Experience level: 2 Strength: 13 Dexterity: 9 Constitution: 16 Intelligence: 11 Wisdom: 10 Charisma: 18 Health: 0(21) Energy: 8(8) Def: 0 Gold: 0 Moves: 4087 Dungeon seed: AXIs_OjpJ7kmv8Zy Game ID: Zazza_1619012716 Your Inventory: Weapons a - 22 +2 darts Comestibles b - an uncursed food ration R - an uncursed acid blob corpse Tools k - an expensive camera (0:55) l - an uncursed credit card z - an uncursed sack C - an uncursed towel Contents of the sack: 1995 gold pieces an uncursed +0 Hawaiian shirt an uncursed egg an uncursed eucalyptus leaf 6 uncursed food rations an uncursed pear 3 uncursed tripe rations an uncursed scroll of confuse monster 2 uncursed scrolls of light an uncursed scroll of magic mapping an uncursed scroll of stinking cloud an uncursed scroll of teleportation an uncursed potion of acid 2 uncursed potions of booze a cursed potion of booze an uncursed potion of monster detection a blessed potion of oil an uncursed potion of see invisible an uncursed potion of sickness an uncursed worthless piece of red glass Spells and supernatural/magical abilities: Name Level Category Fail Memory W - pray for help -- divine ? -- Your skills at the end: Fighting Skills Weapon Skills dart [Basic] Spellcasting Skills Final Attributes: You were devoutly aligned. You were telepathic. You are dead. Vanquished creatures: a leprechaun a rock piercer a shrieker 2 floating eyes a kitten an iguana 2 acid blobs a hobbit a large kobold 2 giant rats a green mold a red mold 3 gnome zombies 4 geckos 22 jackals a fox 4 kobolds 8 grid bugs a lichen 4 newts 62 creatures vanquished. Voluntary challenges: You never hit with a wielded weapon. You read items or engraved 28 times, starting on turn 89. You never genocided any monsters. You never polymorphed an object. You never changed form. You used no wishes. You never split a pudding. You wrote Elbereth's name 19 times, starting on turn 1423. You never violated your personal moral code. Dungeon overview: The Dungeons of Doom: levels 1 to 6 Level 1 a fountain, a sink a long staircase Level 2 an altar to Blind Io, a fountain stairs to The Gnomish Mines Level 3 Level 4 a general store, a fountain Level 5 some fountains Level 6 <- You were here a fountain The Gnomish Mines: Level 3 stairs to The Dungeons of Doom History has recorded: On T:1 you entered the Dungeons of Doom to retrieve the Amulet of Yendor! On T:303 you reached level 2 of The Dungeons of Doom. On T:576 you reached level 1 of The Gnomish Mines. On T:693 you reached level 3 of The Dungeons of Doom. On T:1057 you reached level 4 of The Dungeons of Doom. On T:1398 you reached level 5 of The Dungeons of Doom. On T:3119 you advanced to experience level 2. On T:3444 you reached level 6 of The Dungeons of Doom. Score breakdown: Gold: 1147 (10408 points) Experience: 2 levels ( 5570 points) Exploration: 6 levels ( 12.24%) ( 9682 points) Discoveries: 1 item ( 0.34%) ( 1737 points) Valuables value: (no points given unless you survive) Artifact value: 0 ( 0 points) Variety of kills: 20 monsters ( 5.25%) ( 6873 points) Turncount: 4087 turns (-1056 points) Survival: died (score multiplied by 80%) Total score: 26571 Latest messages: The dart hits the floating eye! The dart hits the floating eye! You kill the floating eye! a - 4 +2 darts. You see here a floating eye corpse. This floating eye corpse tastes terrible! You stop eating. You resume your meal. You stop eating. You resume your meal. You finish eating the floating eye corpse. You miss the centipede. The centipede bites! Something is written here in the dust. You read: "||e n". The centipede bites! The centipede's bite was poisoned! You die... Final status: Aloha Zazza the Tourist, poisoned by a centipede... You died in The Dungeons of Doom on dungeon level 6 with 26571 points, and 1995 pieces of gold, after 4087 moves. You were level 2 with a maximum of 21 hit points when you died.